 Dungeon Crawl Stone Soup version 0.31-a0-214-gb37851dbb3 (webtiles) character file.

Game seed: 18078611495754067683

5450 omnomnOMINOUS the Nimble (level 10, -1/73 HPs)
             Began as an Octopode Wanderer on June 22, 2023.
             Was a Follower of Ashenzari.
             Slain by a vampire (7 damage)
             ... on level 10 of the Dungeon on July 1, 2023.
             The game lasted 00:36:09 (9476 turns).

omnomnOMINOUS the Nimble (Octopode Wanderer)        Turns: 9476, Time: 00:36:09

Health: -1/73      AC:  7    Str: 13    XL:     10   Next: 68%
Magic:  15/16      EV: 14    Int: 17    God:    Ashenzari [*.....]
Gold:   241        SH:  0    Dex:  7    Spells: 3/17 levels left

rFire   + . .        a - +10 dagger "Xaos" {drain, rF+ Will++ Dex-5 Stlth+}
rCold   + . .        (no shield)
rNeg    . . .        j - +2 hat of the Fated Vexation {Will+, Elem, Fort} (curse)
rPois   .            (no amulet)
rElec   .            u - ring of Cremastomancy {rC+, Self, Fort} (curse)
rCorr   .            D - ring "Liberalism of Ashenzari" {AC+4, Fort, Self} (curse)
SInv    .            (no ring)
Will    +++..        (no ring)
Stlth   +++          (no ring)
HPRegen 0.32/turn    (no ring)
MPRegen 0.15/turn    (no ring)
                     (no ring)

%: no passive effects
@: brilliant, about to teleport, freezing walls
A: almost no armour, amphibious, 8 rings, camouflage 1, gelatinous body 1,
(nimble swimmer 1), tentacles
a: Renounce Religion, Shatter the Chains


You were on level 10 of the Dungeon.
You worshipped Ashenzari.
Ashenzari was aware of your devotion.
You visited 2 branches of the dungeon, and saw 11 of its levels.

You collected 527 gold pieces.
You spent 286 gold pieces at shops.

Inventory:

Hand Weapons
 a - the +10 dagger "Xaos" (weapon) {drain, rF+ Will++ Dex-5 Stlth+}
   (You found it on level 3 of the Dungeon)

   Dex:       It affects your dexterity (-5).
   rF:        It protects you from fire.
   Will:      It greatly increases your willpower.
   Stlth:     It makes you more stealthy.
 b - a +2 dagger of venom
 c - a +3 short sword of speed
 r - a +0 dagger of pain
 y - a +2 dagger of venom
Missiles
 B - 9 poisoned darts
 E - 5 curare-tipped darts
Armour
 j - the cursed +2 hat of the Fated Vexation (worn) {Will+, Elem, Fort}
   (You found it on level 1 of the Dungeon)

   It has a curse which improves the following skills: Elements: Fire Magic, Ice
   Magic, Air Magic and Earth Magic.
   Fortitude: Shields.
Magical Staves
 f - a staff of cold
Jewellery
 u - the cursed ring of Cremastomancy (left tentacle) {rC+, Self, Fort}
   (You took it off a wight on level 6 of the Dungeon)

   [ring of protection from cold]

   rC:        It protects you from cold.
   It has a curse which improves the following skills: Introspection: Fighting
   and Spellcasting.
   Fortitude: Shields.
 D - the cursed ring "Liberalism of Ashenzari" (right tentacle) {AC+4, Fort, Self}
   (You found it on level 8 of the Dungeon)

   [ring of protection]

   AC:        It affects your AC (+4).
   It has a curse which improves the following skills: Fortitude: Shields.
   Introspection: Fighting and Spellcasting.
Wands
 q - a wand of paralysis (15)
 x - a wand of light (5)
Scrolls
 d - 3 scrolls of teleportation
 h - a scroll of amnesia
 k - 2 scrolls of enchant armour
 n - 2 scrolls of immolation
 p - a scroll of revelation
 s - a scroll of butterflies
 t - a scroll of poison
 z - 2 scrolls of brand weapon
 C - a scroll of enchant weapon
Potions
 e - 2 potions of brilliance
 g - 2 potions of cancellation
 i - a potion of curing
 l - a potion of haste
 m - 2 potions of ambrosia
 v - 2 potions of attraction
 A - a potion of resistance


   Skills:
 + Level 7.4(8.7) Fighting
 + Level 6.9 Short Blades
 - Level 1.0 Maces & Flails
 + Level 8.1 Dodging
 - Level 1.3 Stealth
 + Level 1.2(2.2) Shields
 - Level 2.0 Unarmed Combat
 - Level 3.3(4.4) Spellcasting
 + Level 1.2 Conjurations
 - Level 2.0 Transmutations
 + Level 6.9(7.7) Ice Magic
 + Level 1.3(1.9) Air Magic
 - Level 4.8 Poison Magic


You had 3 spell levels left.
You knew the following spells:

 Your Spells              Type           Power      Damage    Failure   Level
a - Sting                 Tmut/Pois      92%        1d7       3%          1
b - Spider Form           Tmut/Pois      23%        N/A       11%         3
c - Frozen Ramparts       Ice            88%        1d14      1%          3
d - Ensorcelled Hibernat  Hex/Ice        50%        N/A       4%          2
e - Freezing Cloud        Conj/Ice/Air   12%        6-21      67%         5

Your spell library contained the following spells:

 Spells                   Type           Power      Damage    Failure   Level
 Freeze                   Ice            100%       1d10      1%          1
 Poisonous Vapours        Pois/Air       44%        N/A       6%          2
 Hailstorm                Conj/Ice       28%        3d8       7%          3
 Necrotise                Necr           20%        1d5       16%         1
 Mephitic Cloud           Conj/Pois/Air  19%        N/A       16%         3
 Portal Projectile        Hex/Tloc       10%        N/A       41%         3
 Tukima's Dance           Hex            5%         N/A       41%         3
 Vampiric Draining        Necr           5%         2d6       41%         3
 Ice Form                 Ice/Tmut       30%        N/A       21%         4
 Anguish                  Hex/Necr       2%         N/A       83%         4
 Blade Hands              Tmut           7%         N/A       88%         5
 Irradiate                Conj/Tmut      6%         3d13      91%         5
 Agony                    Necr           5%         N/A       99%         5
 Simulacrum               Ice/Necr       12%        N/A       99%         6
 Dragon Form              Tmut           7%         N/A       100%        7


Dungeon Overview and Level Annotations

Branches:
Dungeon (10/15)            Temple (0/1) D:6            Lair (1/5) D:8
    Orc: D:9-12

Altars:
Ashenzari
Cheibriados
Dithmenos
Elyvilon
Hepliaklqana
Kikubaaqudgha
Makhleb
Nemelex Xobeh
Qazlal
Trog
Uskayaw
Xom
Yredelemnul
The Shining One

Shops:
D:2 :   D:7 :

Annotations:
D:8 1 runed translucent door
D:9 2 transporters, exclusion: orange crystal statue


Innate Abilities, Weirdness & Mutations

You cannot wear most types of armour.
You are amphibious.
You can wear up to eight rings at the same time.
Your skin changes colour to match your surroundings (Stealth+).
Your rubbery body absorbs attacks. (AC +1, EV +1)
((You are camouflaged when in or above water. (Stealth+)))
You have tentacles for arms and can constrict up to eight enemies at once.


Message History

Something tries to affect you, but you resist.
Something blocks your attack.
Your squeeze misses something.
The wall freezes something but does no damage.
Something barely misses you. Something bites you!
Something draws strength from your injuries!
Something blocks your attack.
You squeeze something.
Casting: Frozen Ramparts (safe; 1% risk of failure)
Confirm with . or Enter, or press ? or * to list all spells.
Okay, then.
Unknown command.
Casting: Frozen Ramparts (safe; 1% risk of failure)
Confirm with . or Enter, or press ? or * to list all spells.
Okay, then.
Unknown command.
Aiming: Bolt of Light
Press: ? - help, Shift-Dir - straight line The wall freezes something.
Something draws life force from you!
Unknown command.
As you read the scroll of teleportation, it crumbles to dust.
You feel strangely unstable.
The wall freezes something but does no damage.
Something hits you!
* * * LOW HITPOINT WARNING * * *
Something bites you but does no damage.
Unknown command.
Your frozen ramparts will break if you move.
Continue?
Okay, then.
You hit something but do no damage.
Your tentacle-slap misses something.
The wall freezes something but does no damage.
Something hits you but does no damage. Something bites you.
* * * LOW HITPOINT WARNING * * *
Something draws strength from your injuries!
Unknown command.
Your frozen ramparts will break if you move.
Continue?
Okay, then.
Something blocks your attack.
Your squeeze misses something.
The wall freezes something.
Something hits you!
* * * LOW HITPOINT WARNING * * *
Something bites you!
You die...

#.≈.# #.≈.#
#.≈.# #...#
#...# ##'##
#...# #.#{##
#.###@# #.
#.## .# ##.#
#. #.## .#
##.# #.
##+###.#
######+#
.##......#
####.......
........##
#..+.......
###.....#
##.##.......


There were no monsters in sight!

Vanquished Creatures
  An elephant (D:8)
  Maggie (D:6)
  Prince Ribbit (D:6)
  A wyvern (D:8)
  5 yaks (D:8)
  A water moccasin (D:6)
  Duvessa (D:4)
  An orc warrior (D:9)
  A sky beast (D:7)
  An ice beast (D:6)
  6 black bears
  2 ogres (D:4)
  3 centaurs
  Blork the orc (D:5)
  A kobold brigand (D:8)
  2 gnoll sergeants
  2 scorpions
  5 wights (D:6)
  Dowan (D:4)
  5 killer bees (D:10)
  2 howler monkeys (D:9)
  A crimson imp (D:6)
  2 jellies
  4 hounds
  7 orc priests
  A sleepcap (D:7)
  2 gnoll boudas
  2 iguanas
  10 orc wizards
  Ijyb (D:5)
  Robin (D:2)
  25 gnolls
  6 adders
  2 shadow imps
  2 white imps
  2 worms (D:3)
  3 dart slugs
  33 orcs
  12 endoplasms
  3 giant cockroaches
  20 goblins
  11 hobgoblins
  7 jackals
  A quokka (D:2)
  3 ball pythons
  8 bats
  5 frilled lizards
  6 kobolds
  A rat (D:3)
225 creatures vanquished.

Vanquished Creatures (others)
  A black bear (D:8)
  A jelly (D:8)
  An orc wizard (D:5)
  A white imp (D:8)
  An orc (D:8)
  A kobold (D:8)
6 creatures vanquished.

Grand Total: 231 creatures vanquished

Notes
Turn   | Place    | Note
-------+----------+-------------------------------------------
     0 | D:1      | omnomnOMINOUS the Octopode Wanderer began the quest for the
                  | Orb.
     0 | D:1      | omnomnOMINOUS set off with the following items: a +0 mace,
                  | a +0 hat, a scroll of fear; and the following spell
                  | memorised: Sting; and the following spells available to
                  | memorise: Poisonous Vapours, Spider Form.
     0 | D:1      | Reached XP level 1. HP: 11/11 MP: 2/2
     0 | D:1      | Noticed a minotaur skeleton
    15 | D:1      | Noticed a minotaur skeleton
   113 | D:1      | Reached XP level 2. HP: 16/18 MP: 3/3
   213 | D:1      | Reached skill level 1 in Fighting
   678 | D:1      | Reached XP level 3. HP: 23/23 MP: 5/5
   830 | D:2      | Learned a level 3 spell: Spider Form
   900 | D:2      | Found Baff's Book Shop.
  1141 | D:2      | Noticed Robin
  1177 | D:2      | Reached XP level 4. HP: 29/29 MP: 3/6
  1313 | D:2      | Killed Robin
  1373 | D:2      | Reached skill level 1 in Unarmed Combat
  1714 | D:3      | Found a stormy altar of Qazlal.
  1799 | D:3      | Reached skill level 1 in Transmutations
  1803 | D:3      | Reached XP level 5. HP: 20/34 MP: 6/8
  1961 | D:3      | Found a white marble altar of Elyvilon.
  2167 | D:3      | Identified the +10 dagger "Xaos" {drain, rF+ Will++ Dex-5
                  | Stlth+}
  2179 | D:3      | Learned a level 3 spell: Frozen Ramparts
  2374 | D:4      | Reached skill level 4 in Dodging
  2554 | D:4      | Noticed an ogre
  2694 | D:4      | Killed an ogre
  2695 | D:4      | Reached skill level 1 in Short Blades
  2695 | D:4      | Reached skill level 1 in Ice Magic
  2695 | D:4      | Reached XP level 6. HP: 16/41 MP: 9/9
  3013 | D:4      | Noticed Duvessa
  3013 | D:4      | Noticed Dowan
  3024 | D:4      | Killed Duvessa
  3025 | D:4      | Reached XP level 7. HP: 38/46 MP: 10/10
  3029 | D:4      | Killed Dowan
  3197 | D:5      | Entered Level 5 of the Dungeon
  3505 | D:5      | Noticed Blork the orc
  3519 | D:5      | Killed Blork the orc
  3520 | D:5      | Reached skill level 5 in Dodging
  3636 | D:5      | Found a broken altar of Ashenzari.
  3714 | D:5      | Became a worshipper of Ashenzari the Shackled
  3754 | D:5      | Noticed Ijyb
  3761 | D:5      | Killed Ijyb
  3794 | D:5      | Reached XP level 8. HP: 28/54 MP: 9/11
  4240 | D:5      | Found a bloodstained altar of Trog.
  4592 | D:6      | Found a hazy altar of Hepliaklqana.
  4848 | D:6      | Reached skill level 5 in Fighting
  4983 | D:6      | Found a staircase to the Ecumenical Temple.
  4995 | D:6      | Reached skill level 6 in Dodging
  5045 | D:6      | Noticed Prince Ribbit
  5053 | D:6      | Killed Prince Ribbit
  5054 | D:6      | Reached XP level 9. HP: 61/61 MP: 12/12
  5096 | D:6      | Noticed Maggie
  5108 | D:6      | Killed Maggie
  5109 | D:6      | Reached skill level 5 in Short Blades
  5109 | D:6      | Reached skill level 5 in Ice Magic
  5461 | D:6      | Reached skill level 7 in Dodging
  5967 | D:6      | Found a burning altar of Makhleb.
  6059 | D:6      | Found a glowing golden altar of the Shining One.
  6131 | D:6      | Learned a level 2 spell: Ensorcelled Hibernation
  6684 | D:7      | Found Biovu's Book Emporium.
  6991 | D:8      | Found a shimmering altar of Xom.
  7011 | D:8      | Reached * piety under Ashenzari
  7106 | D:8      | Found a snail-covered altar of Cheibriados.
  7108 | D:8      | Found a sparkling altar of Nemelex Xobeh.
  7231 | D:8      | Noticed an elephant
  7232 | D:8      | Found a staircase to the Lair.
  7245 | D:8      | Reached XP level 10. HP: 60/71 MP: 10/14
  7255 | D:8      | Killed an elephant
  7862 | D:7      | Bought a book of Vapours for 286 gold pieces
  7868 | D:7      | Learned a level 5 spell: Freezing Cloud
  7939 | Lair:1   | Entered Level 1 of the Lair of Beasts
  7939 | Lair:1   | Noticed an elephant
  7941 | Lair:1   | Noticed an elephant
  8001 | D:8      | Noticed a deep elf pyromancer
  8001 | D:8      | Noticed a tengu warrior
  8001 | D:8      | Noticed a centaur warrior
  8001 | D:8      | Identified the +2 whip "Zukhoste" {protect, rElec rPois rN+
                  | Stlth-}
  8001 | D:8      | Identified the ring of Yesterday {Fly rC- rCorr Str+4}
  8002 | D:8      | Found a runed translucent door.
  8004 | D:8      | Noticed a purple ugly thing
  8004 | D:8      | Noticed a red ugly thing
  8004 | D:8      | Noticed a manticore
  8004 | D:8      | Noticed a six-headed hydra
  8004 | D:8      | Identified the staff "Xiypieman" {rN+ rCorr Str+2 Dex+4
                  | Stlth+ Necro}
  8223 | D:9      | Found an ancient bone altar of Kikubaaqudgha.
  8225 | D:9      | Noticed a death knight
  8227 | D:9      | Found a basalt altar of Yredelemnul.
  8229 | D:9      | Identified the +9 dire flail of the Viny God {holy, Will+}
  8242 | D:9      | Upgraded the game from 0.31-a0-187-gba352fbbf7 to
                  | 0.31-a0-210-gccc998df9b
  8242 | D:9      | Upgraded the game from 0.31-a0-210-gccc998df9b to
                  | 0.31-a0-214-gb37851dbb3
  8249 | D:9      | Found a transporter.
  8252 | D:9      | Found a transporter.
  8257 | D:9      | Noticed a death knight
  8412 | D:9      | Noticed an orange crystal statue
  8486 | D:9      | Reached skill level 8 in Dodging
  8658 | D:9      | Found a shadowy altar of Dithmenos.
  8979 | D:10     | Entered Level 10 of the Dungeon
  8989 | D:10     | Found a hide-covered altar of Uskayaw.
  9001 | D:10     | Reached skill level 1 in Air Magic
  9006 | D:10     | Noticed a +0 dagger
  9048 | D:10     | Reached skill level 1 in Shields
  9048 | D:10     | Reached skill level 1 in Conjurations
  9476 | D:10     | Slain by a vampire

Illustrated notes

Levels and vault maps discovered:
D:1:      shiori_arrival_whats_in_store_for_you, layout_rooms,
          chequers_serial_rivers_micro_b, minivault_26, palyth_stone_intersect,
          hangedman_glass_teeth, chequers_serial_rivers_room_b,
          minmay_pentomino_w2
D:2:      layout_basic, serial_shops, shop, uniq_robin
D:3:      layout_rooms, nicolae_overflow_crystal_walls,
          mainiacjoe_overflow_alcove_4
D:4:      layout_basic, kennysheep_flooded_box, minmay_ogre_servants,
          uniq_duvessa
D:5:      layout_basic, nicolae_ashenzari_skybound, trog_ov_bears_minmay,
          grunt_ministairs_5, chequers_serial_rivers_micro_b,
          minmay_misc_feat_columns, uniq_blork_the_orc, uniq_ijyb
D:6:      layout_basic, makhleb_heckhound_becter, overflow_temple_1_default,
          tso_oasis_becter, minmay_temple_entry_proselytizer,
          minmay_fire_ice_demons, uniq_prince_ribbit1, uniq_maggie
D:7:      layout_cave_pools, serial_shops, shop, nicolae_figureground_pulse
D:8:      minmay_gate_of_8, layout_rooms, lemuel_round_altar,
          nicolae_overflow_hidden_temple, david_lair_generic,
          lemuel_flamethrower_2
D:9:      layout_basic, kennysheep_mini_moat, gammafunk_temple_of_torment,
          minmay_statue_bubble
D:10:     layout_roguey, pdpol_temple_overflow_zin_treasury_gozag_greed,
          dancing_weapons_uskayaw, grunt_decor_clamped, hex_large
Lair:1:   layout_misc_corridors, minivault_23

Skill      XL: |  1  2  3  4  5  6  7  8  9 10 |
---------------+-------------------------------+-----
Fighting       | 1 2 3 4 5 6 7 |  7.4
Spellcasting   | 2 3 |  3.3
Unarmed Combat | 1 2 |  2.0
Transmutations | 1 2 |  2.0
Dodging        | 4 5 6 7 8 |  8.1
Short Blades   | 1 2 3 4 6 |  6.9
Ice Magic      | 1 2 3 4 6 |  6.9
Air Magic      | 1 |  1.3
Shields        | 1 |  1.2
Conjurations   | 1 |  1.2
Maces & Flails | |  1.0
Stealth        | |  1.3
Poison Magic   | |  4.8

Action                     |  1- 3 |  4- 6 |  7- 9 | 10-12 || total
---------------------------+-------+-------+-------+-------++-------
  Melee: Mace              |    72 |     1 |       |       ||    73
         Constrict         |    17 |    22 |    55 |    16 ||   110
         Tentacles         |     9 |    21 |    57 |    31 ||   118
         Punch             |     1 |     3 |     8 |     4 ||    16
         Dagger            |       |   125 |   247 |   136 ||   508
   Cast: Sting             |     6 |     7 |     1 |       ||    14
         Frozen Ramparts   |       |       |     5 |     6 ||    11
 Invoke: Curse Item        |       |       |     2 |     1 ||     3
  Evoke: Wand              |       |       |     1 |    11 ||    12
    Use: Potion            |     1 |     1 |     3 |     5 ||    10
         Scroll            |       |     8 |     5 |     2 ||    15
   Stab: Sleeping          |     5 |     8 |     6 |       ||    19
         Invisible         |       |       |       |     3 ||     3
 Armour: Skin              |    13 |    17 |    15 |    36 ||    81
  Dodge: Dodged            |    60 |    83 |   124 |    79 ||   346

Table legend: (Time is in decaauts)
 A = Elapsed time spent in this place.
 B = Non-inter-level travel time spent in this place.
 C = Inter-level travel time spent in this place.
 D = Time resting spent in this place.
 E = Time spent auto-exploring this place.
 F = Levels seen in this place.
 G = Mean time per level.
                   A        B        C        D        E       F      G
               +--------+--------+--------+--------+--------+-----+--------+
         Total |   9392 |   8958 |    434 |   1571 |   5379 |  11 |  853.8 |
       Dungeon |   9383 |   8949 |    434 |   1571 |   5379 |  10 |  938.3 |
          Lair |      8 |      8 |      0 |      0 |      0 |   1 |    8.0 |
               +--------+--------+--------+--------+--------+-----+--------+

Top non-repeatable levels by time:
     D:6: 1469 daAuts
     D:5: 1450 daAuts
     D:8: 1177 daAuts
     D:4: 986 daAuts
     D:2: 883 daAuts
     D:1: 829 daAuts
     D:9: 747 daAuts
     D:7: 714 daAuts
     D:3: 662 daAuts
    D:10: 463 daAuts
  Lair:1: 8 daAuts
